 Dungeon Crawl Stone Soup version 0.23.1-37-gaa34b87b72 (webtiles) character file.

Game seed: 4762130265933159414

56 MisterOstroum the Sneak (level 3, 0/16 HPs)
             Began as a Spriggan Enchanter on Mar 21, 2019.
             Succumbed to kobold's curare-tipped needle
             ... on level 3 of the Dungeon.
             The game lasted 00:10:32 (2572 turns).

MisterOstroum the Sneak (Spriggan Enchanter)        Turns: 2572, Time: 00:10:32

Health: 0/16       AC:  2    Str:  4    XL:     3   Next: 69%
Magic:  7/9        EV: 24    Int: 22    God:
Gold:   131        SH:  0    Dex: 21    Spells: 1/10 levels left

rFire    . . .     SeeInvis +   a - +1 dagger
rCold    . . .     Gourm    .   (shield restricted)
rNeg     . . .     Faith    .   b - +0 robe
rPois    .         Spirit   .   (helmet restricted)
rElec    .         Reflect  .   (no cloak)
rCorr    .         Harm     .   (gloves unavailable)
MR       .....                  (boots unavailable)
Stlth    ++++......             (no amulet)
HPRegen  0.05/turn              (no ring)
MPRegen  0.11/turn              (no ring)

@: brilliant, agile, lethally poisoned (0 -> -16), slowed, quick
A: very small, unfitting armour, see invisible, herbivore, speed 3, slow
metabolism 2
a: no special abilities


You were on level 3 of the Dungeon.
You were not hungry.

You visited 1 branch of the dungeon, and saw 3 of its levels.

You collected 131 gold pieces.

Inventory:

Hand Weapons
 a - a +1 dagger (weapon)
Missiles
 l - 101 stones (quivered)
Armour
 b - a +0 robe (worn)
Jewellery
 c - an uncursed ring of stealth {unknown}
Scrolls
 g - 3 scrolls of identify {unknown}
 h - a scroll of fear {unknown}
 k - 3 scrolls of remove curse {unknown}
 m - 2 scrolls of enchant weapon {unknown}
 n - a scroll of amnesia {unknown}
 o - a scroll of immolation {unknown}
Potions
 e - 2 potions of brilliance
 f - a potion of agility
 i - a potion of curing {unknown}
 j - 2 potions of resistance {unknown}
 p - a potion of invisibility {unknown}
Comestibles
 d - 5 rations


   Skills:
 - Level 1.1 Short Blades
 - Level 3.0 Dodging
 - Level 5.0 Stealth
 * Level 4.1 Spellcasting
 + Level 4.4 Hexes


You had one spell level left.
You knew the following spells:

 Your Spells              Type           Power        Failure   Level  Hunger
a - Ensorcelled Hibernat  Hex/Ice        ####..       1%          2    #......
b - Confuse               Hex            #####...     1%          3    ##.....
c - Tukima's Dance        Hex            #####...     1%          3    ##.....
d - Corona                Hex            #####..      1%          1    None

Your spell library contained the following spells:

 Spells                   Type           Power        Failure   Level  Hunger
 Dazzling Spray           Conj/Hex       ####..       1%          3    ##.....


Dungeon Overview and Level Annotations

Branches:
Dungeon (3/15)

Altars:
The Shining One

Annotations:
D:2 Jessica


Innate Abilities, Weirdness & Mutations

You are very small and have problems with some larger weapons.
You are too small for most types of armour.
You have supernaturally acute eyesight. (SInv)
You are a herbivore.
You cover ground extremely quickly.
You need to consume almost no food.


Message History

You are lethally poisoned!
You have difficulty breathing.
Ouch! That really hurt!
You feel yourself slow down.
You see here a curare-tipped needle.
Casting: Ensorcelled Hibernation (safe; 10% risk of failure)
Confirm with . or Enter, or press ? or * to list all spells.
Aiming: Ensorcelled Hibernation (safe; 10% risk of failure)
Press: ? - help, Shift-Dir - straight line, f - kobold
Aim: a kobold, wielding a +0 blowgun (chance to defeat MR: 59%)
The kobold looks drowsy...
* * * LOW HITPOINT WARNING * * *
You feel sick.
It was a potion of brilliance.
You feel clever all of a sudden.
* * * LOW HITPOINT WARNING * * *
You feel sick. The rat barely misses you.
It was a potion of agility.
You feel agile all of a sudden.
You die...

#.## #.. ####+#.####
#.........# #####
#.........###...
#..........##.###
#)..!...........#####
#.Kr@....(...........
#................#####
#................#####
#.....................
#...........)....#####
#........?.#######
#..........#
#..........# #########


You could see a kobold (sleeping) and a rat.

Vanquished Creatures
  2 adders
  An ooze (D:3)
  A dart slug (D:1)
  A leopard gecko (D:2)
  An orc (D:3)
  3 giant cockroaches
  6 goblins
  2 hobgoblins (D:2)
  3 bats
  3 frilled lizards
  6 kobolds
  A rat (D:3)
30 creatures vanquished.

Notes
Turn   | Place    | Note
-------+----------+-------------------------------------------
     0 | D:1      | MisterOstroum the Spriggan Enchanter began the quest for
                  | the Orb.
     0 | D:1      | Reached XP level 1. HP: 9/9 MP: 5/5
   639 | D:2      | Reached XP level 2. HP: 13/13 MP: 7/7
   645 | D:2      | Learned a level 2 spell: Ensorcelled Hibernation
  1195 | D:2      | Reached skill level 5 in Stealth
  1550 | D:2      | Reached XP level 3. HP: 16/16 MP: 2/9
  1555 | D:2      | Learned a level 3 spell: Tukima's Dance
  1559 | D:2      | Learned a level 3 spell: Confuse
  1616 | D:2      | Found a glowing golden altar of the Shining One.
  1960 | D:2      | Noticed Jessica
  2079 | D:3      | Noticed a sky beast
  2572 | D:3      | Succumbed to kobold's curare-tipped needle

Skill      XL: |  1  2  3 |
---------------+----------+-----
Spellcasting   | 3 4 |  4.1
Hexes          | 4 |  4.4
Stealth        | 5 |  5.0
Short Blades   | |  1.1
Dodging        | |  3.0

Action                   || total
-------------------------++-------
Melee: Dagger            ||    92
Throw: Stone             ||     4
 Cast: Corona            ||     6
       Ensorcelled Hiber ||    29
  Use: Potion            ||     2
 Stab: Sleeping          ||    19
  Eat: Ration            ||     1
Armor: Robe              ||    11
Dodge: Dodged            ||   116
